 Dungeon Crawl Stone Soup version 0.28-a0-851-g8b9cc49659 (webtiles) character file.

Game seed: 3696156107146634790

2729 spiderkeys the Nimble (level 9, -3/49 HPs)
             Began as a Deep Elf Abyssal Knight on Nov 15, 2021.
             Was an Elder of Lugonu.
             Slain by a wyvern zombie (13 damage)
             ... on level 6 of the Dungeon.
             The game lasted 00:20:54 (9066 turns).

spiderkeys the Nimble (Deep Elf Abyssal Knight)     Turns: 9066, Time: 00:20:55

Health: -3/49      AC:  4    Str:  5    XL:     9   Next: 40%
Magic:  21/23      EV: 16    Int: 23    God:    Lugonu [****..]
Gold:   941        SH:  0    Dex: 15    Spells: 21/24 levels left

rFire   . . .      SeeInvis .   E - +4 trident (vamp)
rCold   + + .      Faith    .   (no shield)
rNeg    . . .      Spirit   .   x - +1 robe of the Archfiend {rF+ Str-5 Int+4}
rPois   .          Reflect  .   (no helmet)
rElec   .          Harm     .   (no cloak)
rCorr   .          Rampage  .   k - +0 pair of gloves
Will    .....                   (no boots)
Stlth   +++.......              (no amulet)
HPRegen 0.16/turn               C - ring of protection from cold
MPRegen 0.18/turn               c - ring of ice

@: no status effects
A: no striking features
a: Renounce Religion, Depart the Abyss, Bend Space, Banish, Corrupt


You were on level 6 of the Dungeon.
You worshipped Lugonu.
Lugonu was greatly pleased with you.
You visited 1 branch of the dungeon, and saw 6 of its levels.
You visited the Abyss 1 time.
You also visited: Sewer.

You collected 1313 gold pieces.
You spent 372 gold pieces at shops.


   Skills:
 - Level 2.4 Fighting
 - Level 2.0 Short Blades
 - Level 0.7 Armour
 + Level 8.2 Dodging
 - Level 6.0 Stealth
 + Level 1.2 Shields
 - Level 8.0 Spellcasting
 + Level 1.7 Necromancy
 + Level 3.6 Ice Magic
 + Level 7.4 Invocations


You had 21 spell levels left.
You knew the following spells:

 Your Spells              Type           Power      Damage    Failure   Level
o - Ozocubu's Armour      Ice            39%        N/A       4%          3

Your spell library contained the following spells:

 Spells                   Type           Power      Damage    Failure   Level
 Metabolic Englaciation   Hex/Ice        13%        N/A       65%         5
 Simulacrum               Ice/Necr       16%        N/A       98%         6

Inventory:

Hand Weapons
 E - a +4 vampiric trident (weapon)
   (You bought it in a shop on level 1 of the Dungeon)
Missiles
 e - 12 poisoned darts
 f - 232 stones
 i - 107 arrows
 m - 32 bolts
 o - 31 sling bullets
Armour
 a - a +0 buckler
   (You found it on level 5 of the Dungeon)
 b - a +0 leather armour
 k - a +0 pair of gloves (worn)
   (You found it on level 1 of the Dungeon)
 x - the +1 robe of the Archfiend (worn) {rF+ Str-5 Int+4}
   (You bought it in a shop on level 1 of the Dungeon)

   Str:       It affects your strength (-5).
   Int:       It affects your intelligence (+4).
   rF:        It protects you from fire.
Magical Staves
 g - a staff of death {!a}
   (You found it on level 1 of the Dungeon)
 l - a staff of death {!a}
   (You found it on level 4 of the Dungeon)
 q - a staff of air {!a}
   (You found it on level 2 of the Dungeon)
Jewellery
 c - a ring of ice (right hand)
   (You found it on level 6 of the Dungeon)
 C - a ring of protection from cold (left hand)
   (You found it on level 5 of the Dungeon)
 L - a ring of flight
   (You found it on level 6 of the Dungeon)
Wands
 n - a wand of iceblast (6)
   (You found it on level 5 of the Dungeon)
 J - a wand of charming (7)
   (You found it on level 6 of the Dungeon)
Scrolls
 d - a scroll of enchant weapon
 h - 3 scrolls of fear
 j - 7 scrolls of teleportation {@r4}
 y - 3 scrolls of identify {@r1}
 A - a scroll of immolation {!r!r}
 D - a scroll of noise {!r}
 G - a scroll of fog
Potions
 p - a potion of berserk rage {unknown}
 r - a potion of attraction {!q}
 s - a potion of brilliance {unknown}
 t - a potion of resistance {unknown}
 u - 3 potions of haste {@q3}
 v - a potion of cancellation {unknown}
 w - a potion of flight
 z - a potion of invisibility
 B - a potion of experience {unknown}
 F - 2 potions of degeneration {unknown}
 H - a potion of curing {@q1}
 I - 3 potions of mutation {!q}
 K - a potion of magic

Dungeon Overview and Level Annotations

Branches:
Dungeon (6/15)             Temple (0/1) D:6           Sewer (visited)

Altars:
Elyvilon
Fedhas
Sif Muna
Xom

Shops:
D:1

* #. #.##.## #.......#
...#.#...## ##.####..
.#........## ##.####..
<........>.#
#####........
#.......#####............
#..#...# #.........#####.
........## #.##.####.# ##
(.#..##.####.##.## #.#
..........@Z.....###.#
...........<.#.......#
.....##.######Z..#####
....................#
.....##.#...##.#.##.#
.##. #...#....#.##.# .
#.#...####.##.# #$.##.##
#.##.# #### #.###!#
#.##.. ....


You could see a wyvern zombie.


Message History

😮 HP[-5] MP[+1]
You take 5 damage, and now have 32/49 hp.
You are too injured to fight recklessly!
You are too injured to fight recklessly!
You are too injured to fight recklessly!
You are too injured to fight recklessly!
You hit the white imp. The wyvern zombie closely misses you.
The white imp gestures at you.
The puff of frost hits you but does no damage.
You resist.
You closely miss the white imp. The wyvern zombie bites you.
The white imp hits you.
* * * LOW HITPOINT WARNING * * *
The white imp freezes you. You resist.
The wyvern zombie bites you but does no damage. 😨 HP[-8]
You take 8 damage, and now have 24/49 hp.
You barely miss the white imp. The white imp completely misses you.
The wyvern zombie misses you. The white imp misses you.
The wyvern zombie barely misses you.
You hit the white imp.
The wyvern zombie bites you but does no damage.
The white imp disappears for a moment.
The white imp gestures at you. The puff of frost hits you. You resist.
* * * LOW HITPOINT WARNING * * *
😨 HP[-2] MP[+1]
You take 2 damage, and now have 22/49 hp.
You puncture the white imp!
You kill the white imp!
Lugonu accepts your kill. The wyvern zombie bites you!
* * * LOW HITPOINT WARNING * * *
The wyvern zombie closely misses you. 😱 HP[-11]
You take 11 damage, and now have 11/49 hp.
MASSIVE DAMAGE!! (PAUSE)
You barely miss the wyvern zombie.
The wyvern zombie bites you but does no damage.
The wyvern zombie barely misses you.
Aiming: Iceblast
Press: ? - help, Shift-Dir - straight line, p - wyvern zombie The mass of ice explodes!
The iceblast engulfs the wyvern zombie!
The wyvern zombie partially resists.
The wyvern zombie bites you.
* * * LOW HITPOINT WARNING * * *
😱 HP[-3]
You take 3 damage, and now have 8/49 hp.
Your icy armour will break if you move.
Continue?
Okay, then.
Unknown command.
Okay, then.
Your icy armour will break if you move.
Continue?
Space bends violently around you!
You blink.
Your icy armour cracks and falls away as you move.
Found 20 stones.
Found a stone staircase leading down and a stone staircase leading up. 😱 HP[-2] MP[-1]
You take 2 damage, and now have 6/49 hp.
You lost 1 mp, and now have 21/23 mp.
Space bends sharply around you!
You blink. 😱 HP[-2]
You take 2 damage, and now have 4/49 hp.
Okay, then.
As you read the scroll of identify {@r1}, it crumbles to dust.
A - a scroll of immolation 😱 HP[+1]
Aiming: Iceblast
Press: ? - help, Shift-Dir - straight line, f - wyvern zombie
Aim: a wyvern zombie (heavily damaged)
The mass of ice explodes!
The iceblast engulfs the wyvern zombie!
The wyvern zombie partially resists.
The wyvern zombie closely misses you. Space bends around you!
You blink. 😱 HP[-2] MP[-1]
You take 2 damage, and now have 3/49 hp.
You lost 1 mp, and now have 20/23 mp.
Okay, then.
Casting: Ozocubu's Armour (dangerous; 4% risk of failure)
Confirm with . or Enter, or press ? or * to list all spells.
Okay, then. 😱 MP[+1] 😱 HP[+1] Space bends around you!
You blink. 😱 HP[-2] MP[-1]
You take 2 damage, and now have 2/49 hp.
You lost 1 mp, and now have 20/23 mp.
Aiming: Iceblast
Press: ? - help, Shift-Dir - straight line, f/p - wyvern zombie
Aim: a wyvern zombie (severely damaged)
The mass of ice explodes!
The iceblast engulfs the wyvern zombie!
The wyvern zombie partially resists. 😱 MP[+1]
You don't have enough health at the moment.
Unknown command.
Unknown command.
You feel better. The wyvern zombie misses you. The wyvern zombie bites you!
You die...

Skill      XL: |  1  2  3  4  5  6  7  8  9 |
---------------+----------------------------+-----
Dodging        | 3 5 6 7 8 |  8.2
Spellcasting   | 1 5 6 7 8 |  8.0
Invocations    | 5 7 |  7.4
Stealth        | 3 5 6 |  6.0
Ice Magic      | 2 3 |  3.6
Necromancy     | 1 |  1.7
Shields        | 1 |  1.2
Fighting       | |  2.4
Short Blades   | |  2.0
Armour         | |  0.7

Action                   |  1- 3 |  4- 6 |  7- 9 || total
-------------------------+-------+-------+-------++-------
Melee: Short sword       |     2 |       |   290 ||   292
       Trident           |       |       |   383 ||   383
Throw: Stone             |       |       |     6 ||     6
       Dart              |       |       |     1 ||     1
 Cast: Ozocubu's Armour  |       |       |    11 ||    11
Invok: Depart the Abyss  |       |       |     1 ||     1
       Bend Space        |       |       |     5 ||     5
Evoke: Wand              |     6 |       |    62 ||    68
  Use: Scroll            |       |       |    13 ||    13
       Potion            |       |       |    11 ||    11
 Stab: Sleeping          |       |       |    17 ||    17
Armor: Leather armour    |       |       |    77 ||    77
       Robe              |       |       |   106 ||   106
       Skin              |       |       |     2 ||     2
Dodge: Dodged            |       |       |   583 ||   583

Levels and vault maps discovered:
D:1:      minmay_arrival_split_and_join, layout_loops_ring, serial_shops, shop
D:2:      layout_loops_ring, st_stairs_1, minmay_pentomino_s2
D:3:      layout_rooms, dreamdust_ecumenical_altar_statues,
          gup_sewer_entry_spiral, nrook_campfire, uniq_jessica
D:4:      layout_loops_corners, mainiacjoe_overflow_cross_hatched
D:5:      layout_basic, mainiacjoe_overflow_surrounded_room,
          mainiacjoe_overflow_brackets, elyvilon_altar_5,
          serial_co_window_serial, co_window_corner_a, co_window_paths_a,
          co_window_paths_b, co_window_paths_a, co_window_corner_a,
          co_window_corner_a, co_window_broadway_b, co_window_corner_b,
          co_window_paths_c, co_window_unsneaky_path_d, co_window_paths_d,
          co_window_4corner_b, glass_columns_a, glass_columns_b, glass_columns_b
D:6:      layout_loops_ring, minmay_temple_entry_mini_moons, uniq_eustachio

Notes
Turn   | Place    | Note
-------+----------+-------------------------------------------
     0 | Abyss:1  | spiderkeys the Deep Elf Abyssal Knight began the quest for
                  | the Orb.
     0 | Abyss:1  | Reached XP level 1. HP: 13/13 MP: 4/4
     0 | Abyss:1  | magus.rc [v1.9.10]
     5 | Abyss:1  | Found a broken altar of Ashenzari.
    24 | Abyss:1  | Noticed a juggernaut zombie
    33 | Abyss:2  | Found a corrupted altar of Lugonu.
    73 | Abyss:4  | Found a candlelit altar of Ignis.
   101 | Abyss:4  | Noticed an iron imp
   111 | Abyss:4  | Killed an iron imp
   112 | Abyss:4  | Reached skill level 3 in Dodging
   112 | Abyss:4  | Reached skill level 1 in Spellcasting
   112 | Abyss:4  | Reached XP level 2. HP: 6/18 MP: 4/6
   116 | Abyss:4  | Noticed a sixfirhy
   117 | Abyss:4  | Noticed a smoke demon
   120 | Abyss:4  | Killed a sixfirhy
   121 | Abyss:4  | Reached skill level 5 in Dodging
   121 | Abyss:4  | Reached skill level 5 in Spellcasting
   121 | Abyss:4  | Reached skill level 5 in Invocations
   121 | Abyss:4  | Reached XP level 3. HP: 8/22 MP: 4/11
   121 | Abyss:4  | Reached XP level 4. HP: 10/27 MP: 4/13
   121 | Abyss:4  | Reached XP level 5. HP: 11/31 MP: 4/14
   121 | Abyss:4  | Reached XP level 6. HP: 13/36 MP: 4/16
   121 | Abyss:4  | Reached XP level 7. HP: 14/40 MP: 4/17
   121 | D:1      | You pass through the gate.
   121 | D:1      | Escaped the Abyss
   325 | D:1      | You fall into a shaft and drop 1 floor!
   379 | D:1      | Found Jehapp's Assorted Antiques.
   382 | D:1      | Reached * piety under Lugonu
  1618 | D:2      | Reached ** piety under Lugonu
  1871 | D:3      | Noticed Jessica
  1872 | D:3      | Killed Jessica
  1873 | D:3      | Reached skill level 1 in Stealth
  2096 | D:3      | Reached skill level 6 in Dodging
  2339 | D:3      | Found a glowing drain.
  2343 | Sewer    | Entered a sewer
  2712 | Sewer    | Reached skill level 2 in Stealth
  2738 | Sewer    | Reached skill level 6 in Spellcasting
  3083 | Sewer    | Reached *** piety under Lugonu
  3086 | Sewer    | HP: 10/40 [bullfrog (2)]
  3088 | Sewer    | Reached skill level 3 in Stealth
  3381 | Sewer    | Identified a scroll of acquirement
  3382 | Sewer    | Acquired 1056 gold pieces
  3430 | D:3      | Reached XP level 8. HP: 45/45 MP: 19/19
  3536 | D:1      | Bought an inky potion for 18 gold pieces
  3536 | D:1      | Bought a green potion for 18 gold pieces
  3536 | D:1      | Bought a sheer robe for 119 gold pieces
  3536 | D:1      | Identified the +1 robe of the Archfiend {rF+ Str-5 Int+4}
                  | (You bought it in a shop on level 1 of the Dungeon)
  3536 | D:1      | Bought a blue potion for 18 gold pieces
  3536 | D:1      | Bought a scroll labelled RATSAOM XYOSYH for 21 gold pieces
  3536 | D:1      | Bought a scroll labelled DIDWIZ ATRAYFI for 21 gold pieces
  3536 | D:1      | Bought a scroll labelled DIDWIZ ATRAYFI for 21 gold pieces
  3550 | D:1      | Bought a glowing trident for 136 gold pieces
  3792 | D:3      | Found a faded altar of an unknown god.
  3989 | D:4      | HP: 5/45 [poisoned by a scorpion]
  3995 | D:4      | Reached skill level 6 in Invocations
  3996 | D:4      | HP: 15/67 [poisoned by a scorpion]
  4001 | D:4      | HP: 11/67 [poisoned by a scorpion]
  4774 | D:4      | HP: 11/45 [gnoll sergeant (15)]
  5260 | D:4      | You pick up a book of Winter and begin reading...
  5260 | D:4      | You add the spells Ozocubu's Armour, Metabolic Englaciation
                  | and Simulacrum to your library.
  5284 | D:4      | Learned a level 3 spell: Ozocubu's Armour
  5378 | D:4      | Found a blossoming altar of Fedhas.
  5398 | D:4      | Reached skill level 4 in Stealth
  5434 | D:4      | Reached skill level 7 in Dodging
  5434 | D:4      | Reached skill level 7 in Spellcasting
  5579 | D:4      | Reached skill level 1 in Ice Magic
  6323 | D:5      | Entered Level 5 of the Dungeon
  6342 | D:5      | Found a shimmering blue altar of Sif Muna.
  6375 | D:5      | Reached skill level 5 in Stealth
  6375 | D:5      | Reached skill level 2 in Ice Magic
  6571 | D:5      | HP: 9/45 [poisoned by a water moccasin]
  6913 | D:5      | Reached skill level 7 in Invocations
  6913 | D:5      | Reached XP level 9. HP: 49/49 MP: 22/22
  7046 | D:5      | HP: 12/49 [orc priest/divine providence (12)]
  7306 | D:5      | Reached skill level 8 in Spellcasting
  7449 | D:5      | Reached skill level 3 in Ice Magic
  7642 | D:5      | Reached **** piety under Lugonu
  7643 | D:5      | Reached skill level 8 in Dodging
  7820 | D:5      | Found a shimmering altar of Xom.
  7899 | D:5      | Found a white marble altar of Elyvilon.
  8566 | D:6      | Reached skill level 1 in Necromancy
  8744 | D:6      | Noticed Eustachio
  8746 | D:6      | Found a staircase to the Ecumenical Temple.
  8764 | D:6      | Killed Eustachio
  8765 | D:6      | Reached skill level 6 in Stealth
  8765 | D:6      | Reached skill level 1 in Shields
  9050 | D:6      | HP: 11/49 [wyvern zombie (11)]
  9066 | D:6      | Slain by a wyvern zombie

Vanquished Creatures
  A sixfirhy (Abyss:4)
  A wyvern (D:4)
  Eustachio (D:6)
  2 water moccasins
  An ice beast (D:5)
  3 ogres
  2 bullfrogs (Sewer)
  3 scorpions
  A gnoll sergeant (D:4)
  A water moccasin skeleton (D:4)
  A bullfrog zombie (D:6)
  A bullfrog skeleton (D:5)
  A hound (D:5)
  2 centaur skeletons
  A gnoll shaman (D:5)
  3 orc priests
  An iron imp (Abyss:4)
  Jessica (D:3)
  An orc wizard (D:5)
  4 iguanas
  2 howler monkey zombies (D:6)
  17 adders
  9 gnolls
  8 river rats
  A shadow imp (D:5)
  A white imp (D:6)
  2 worms
  2 dart slugs
  11 orcs
  2 bats (D:2)
  3 endoplasms
  4 giant cockroaches
  5 goblins
  3 hobgoblins
  4 jackals (D:4)
  12 kobolds
  6 quokkas
  23 ball pythons
  5 frilled lizards
  28 rats
180 creatures vanquished.

Table legend:
 A = Non-vault XP
 B = Vault XP
 C = Vault XP percentage of total XP
 D = Non-vault monster count
 E = Vault monster count
 F = Vault count percentage of total count
                 A         B        C        D         E       F
            +---------+---------+-------+---------+---------+-------
      Total |    3194 |     705 |  18.1 |     118 |      62 |  34.4
            +---------+---------+-------+---------+---------+-------
        D:1 |      36 |       0 |   0.0 |      22 |       0 |   0.0
        D:2 |      33 |      19 |  36.5 |      13 |       4 |  23.5
        D:3 |     213 |      99 |  31.7 |      21 |       9 |  30.0
        D:4 |     763 |       0 |   0.0 |      29 |       0 |   0.0
        D:5 |    1103 |       0 |   0.0 |      25 |       0 |   0.0
        D:6 |     250 |     203 |  44.8 |       6 |       1 |  14.3
    Abyss:4 |     796 |       0 |   0.0 |       2 |       0 |   0.0
      Sewer |       0 |     384 | 100.0 |       0 |      48 | 100.0
            +---------+---------+-------+---------+---------+-------

Illustrated notes

Table legend:
 A = Kills in this place as a percentage of kills in entire the game.
 B = Kills by you in this place as a percentage of kills by you in the entire game.
 C = Kills by friends in this place as a percentage of kills by friends in the entire game.
 D = Other kills in this place as a percentage of other kills in the entire game.
 E = Experience gained in this place as a percentage of experience gained in the entire game.
 F = Experience gained in this place divided by the number of levels of this place that you have seen.
                   A       B       C       D       E      F
               +-------+-------+-------+-------+-------+----------------------
         Total | 100.0 | 100.0 |   N/A |   N/A | 100.0 | 354.5
       Dungeon |  72.2 |  72.2 |   N/A |   N/A |  69.7 | 453.2
         Abyss |   1.1 |   1.1 |   N/A |   N/A |  20.4 | 199.0
         Sewer |  26.7 |  26.7 |   N/A |   N/A |   9.8 | 384.0
               +-------+-------+-------+-------+-------+----------------------

Table legend: (Time is in decaauts)
 A = Elapsed time spent in this place.
 B = Non-inter-level travel time spent in this place.
 C = Inter-level travel time spent in this place.
 D = Time resting spent in this place.
 E = Time spent auto-exploring this place.
 F = Levels seen in this place.
 G = Mean time per level.
                   A        B        C        D        E       F      G
               +--------+--------+--------+--------+--------+-----+--------+
         Total |   9299 |   8950 |    349 |   1859 |   5170 |  11 |  845.4 |
       Dungeon |   8067 |   7718 |    349 |   1433 |   4783 |   6 | 1344.5 |
         Abyss |    120 |    120 |      0 |      0 |      0 |   4 |   30.0 |
         Sewer |   1111 |   1111 |      0 |    426 |    387 |   1 | 1111.0 |
               +--------+--------+--------+--------+--------+-----+--------+

Top non-repeatable levels by time:
     D:5: 2287 daAuts
     D:3: 1743 daAuts
     D:4: 1665 daAuts
     D:1: 1177 daAuts
   Sewer: 1111 daAuts
     D:2: 671 daAuts
     D:6: 521 daAuts
 Abyss:4: 51 daAuts
 Abyss:1: 31 daAuts
 Abyss:3: 25 daAuts
 Abyss:2: 11 daAuts
